 Dungeon Crawl Stone Soup version 0.16.0-17-g811c1d7 (console) character file.

127 gw the Chopper (level 5, 0/45 HPs)
             Began as a Hill Orc Gladiator on Mar 21, 2015.
             Was an Initiate of Beogh.
             Slain by an orc wizard
             ... wielding a +0 dagger
              (2 damage)
             ... on level 4 of the Dungeon.
             The game lasted 00:03:14 (2699 turns).

gw the Chopper (Hill Orc Gladiator)                 Turns: 2699, Time: 00:03:14

Health: 0/45       AC: 15    Str: 18    XL:     5   Next: 11%
Magic:  5/5        EV:  8    Int:  8    God:    Beogh [......]
Gold:   120        SH:  0    Dex: 12    Spells: 0 memorised, 4 levels left

rFire  . . .     SeeInvis +     a - +1 war axe
rCold  . . .     Clarity  .     m - +0 chain mail
rNeg   + . .     SustAb   .     (no shield)
rPois  .         Gourm    .     h - +2 hat
rElec  .         Spirit   .     i - +0 cloak
rCorr  .         Warding  .     p - +2 pair of gloves
rMut   .         Stasis   .     (no boots)
MR     .....                    (no amulet)
Stlth  ..........               s - ring of positive energy
                                r - ring of see invisible

@: slowed, very slow, not resistant to hostile enchantments, extremely
unstealthy
A: no striking features
a: Renounce Religion


You were on level 4 of the Dungeon.
You worshipped Beogh.
Beogh was noncommittal.
You were hungry.

You visited 1 branch of the dungeon, and saw 4 of its levels.

You collected 120 gold pieces.

Inventory:

Hand weapons
 a - a +1 war axe (weapon)
Missiles
 d - 3 throwing nets
 e - 14 poisoned needles
 k - 79 stones (quivered)
 l - 5 curare-tipped needles
Armour
 h - a +2 hat (worn)
 i - a +0 cloak (worn)
 m - a +0 chain mail (worn)
 p - a +2 pair of gloves (worn)
Jewellery
 r - a ring of see invisible (left hand)
 s - a ring of positive energy (right hand)
Scrolls
 j - 2 scrolls of remove curse
 n - a scroll of identify
Potions
 b - 2 potions of curing
Comestibles
 f - 2 meat rations
 g - 4 bread rations


   Skills:
 + Level 3.4 Fighting
 * Level 5.7 Axes
 + Level 2.7 Throwing
 + Level 2.0 Armour
 - Level 2.4 Dodging


You had 4 spell levels left.
You didn't know any spells.

Dungeon Overview and Level Annotations

Branches:
Dungeon (4/15)             Temple (0/1) D:4

Altars:
Ashenzari
Qazlal


Message History

MOVING TO (1,-8)
The orc wizard hits you but does no damage.
The orc priest invokes the aid of Beogh against you.
Something smites you!
The orc wizard mumbles some strange words.
The orc wizard blinks!
The orc priest becomes somewhat translucent.
Unknown command.
Unknown command.
Unknown command.
MOVING TO (1,-7)
The orc priest barely misses you.
The orc wizard hits you but does no damage.
Unknown command.
Unknown command.
Unknown command.
MOVING TO (1,-6)
The orc wizard gestures at you while chanting.
The magic dart hits you! The orc wizard hits you with a dagger.
You die...

##.....).)#
#.........#
#....###### #....#
#######....#
.##..........#
.............#
###..........#
#.......o..##
#......oo...#
#...........##
#............#
#.........##.#
#o..).).#.##..#
#........}....#
#.#.............#
##.#......}.>.}..#


You could see an orc priest and an orc wizard.

Table legend:
 A = Turns spent in this place as a percentage of turns spent in the entire game.
 B = Non-inter-level travel turns spent in this place as a percentage of non-inter-level travel turns spent in the entire game.
 C = Inter-level travel turns spent in this place as a percentage of turns spent in this place.
 D = Turns resting spent in this place as a percentage of non-inter-level travel turns spent in this place.
 E = Turns spent auto-exploring this place as a percentage of non-inter-level travel turns spent in this place.
 F = Non-inter-level travel turns spent in this place divided by the number of levels of this place that you've seen.
                   A       B       C       D       E      F
               +-------+-------+-------+-------+-------+----------------------
         Total | 100.0 | 100.0 |   0.3 |   0.5 |   2.8 | 1099.8
       Dungeon | 100.0 | 100.0 |   0.3 |   0.5 |   2.8 | 1099.8
               +-------+-------+-------+-------+-------+----------------------

Table legend:
 A = Kills in this place as a percentage of kills in entire the game.
 B = Kills by you in this place as a percentage of kills by you in the entire game.
 C = Kills by friends in this place as a percentage of kills by friends in the entire game.
 D = Other kills in this place as a percentage of other kills in the entire game.
 E = Experience gained in this place as a percentage of experience gained in the entire game.
 F = Experience gained in this place divided by the number of levels of this place that you have seen.
                   A       B       C       D       E      F
               +-------+-------+-------+-------+-------+----------------------
         Total | 100.0 | 100.0 |  -nan |  -nan | 100.0 |  45.5
       Dungeon | 100.0 | 100.0 |  -nan |  -nan | 100.0 |  45.5
               +-------+-------+-------+-------+-------+----------------------

Vanquished Creatures
  A hound (D:4)
  Ijyb (D:3)
  2 adders
  A worm (D:2)
  2 giant geckos
  3 orcs
  8 bats
  11 hobgoblins
  6 jackals
  7 kobolds
  A quokka (D:2)
  2 ball pythons
  4 giant cockroaches
  A giant newt (D:1)
  12 goblins
  5 rats
67 creatures vanquished.

Vanquished Creatures (others)
  An orc priest (D:4)
  A giant gecko (D:4)
  An orc (D:4)
  A giant gecko skeleton (D:4)
  A rat (D:4)
5 creatures vanquished.

Grand Total: 72 creatures vanquished

Notes
Turn   | Place    | Note
--------------------------------------------------------------
     0 | D:1      | gw, the Hill Orc Gladiator, began the quest for the Orb.
     0 | D:1      | Reached XP level 1. HP: 18/18 MP: 1/1
   238 | D:1      | Reached XP level 2. HP: 25/25 MP: 2/2
   853 | D:2      | Reached XP level 3. HP: 28/30 MP: 3/3
  1050 | D:2      | Reached skill level 5 in Axes
  1114 | D:2      | Reached skill level 1 in Armour
  1184 | D:2      | Found a stormy altar of Qazlal.
  1489 | D:2      | Found a shattered altar of Ashenzari.
  1702 | D:3      | Reached XP level 4. HP: 38/38 MP: 4/4
  1926 | D:3      | Noticed Ijyb
  1939 | D:3      | Killed Ijyb
  2560 | D:4      | Noticed an ogre
  2561 | D:4      | Noticed a phantom
  2647 | D:4      | Found a staircase to the Ecumenical Temple.
  2650 | D:4      | Became a worshipper of Beogh the Brigand
  2696 | D:4      | Reached XP level 5. HP: 16/45 MP: 5/5
  2699 | D:4      | HP: 2/45 [orc wizard/magic dart (4)]
  2699 | D:4      | Slain by an orc wizard

Action                   |  1- 3 |  4- 6 || total
-------------------------+-------+-------++-------
Melee: War axe           |    74 |    40 ||   114
Throw: Stone             |    27 |    28 ||    55
       Tomahawk          |    27 |    14 ||    41
Invok: Convert to Beogh  |       |     1 ||     1
  Use: Scroll            |     9 |     3 ||    12
       Potion            |     3 |       ||     3
  Eat: Chunk             |     2 |     3 ||     5

Vault maps used:
D:1:      minmay_arrival_diagonal_passages, baited_tele_trap
D:2:      nicolae_overflow_crystal_walls, first_bread,
          nicolae_qazlal_general_emergency
D:3:      uniq_iyjb
D:4:      temple_fountains
